AoeStats
← Stihl

Arabia

510496755Analyzed
1v1 RM · 24h ago on Oct 1, 2026· 31m 24s· 2 players
Game mode
Random Map
Map size
Tiny (2 player)
Population
200
Speed
Normal
Resources
Standard
Victory
Conquest
Starting age
Dark Age
Ending age
Imperial Age
RankedLock teamsTeams togetherTeam positionsShared explorationLock speedFull tech treeHidden civsTurbo modeCheats
Victory
Defeat
🇪🇸 Koreans · Spain
1122
+17
🇦🇺 Persians · Australia
1135
-17
Stihl
7:25 Loom
9:50 Feudal Age
24:33 Fletching
27:38 Castle Age
MAC0406
6:39 Loom
9:02 Feudal Age
10:13 Double-Bit Axe
12:36 Loom
21:25 Fletching
30:44 Horse Collar
Connection lost

Rejoining the realm…

Still unreachable

The connection could not be restored.

Session expired

The server has moved on; the page needs a fresh start.